 Dungeon Crawl Stone Soup version 0.22-a0-142-g91cc6d7 (webtiles) character file.

126 Mgcat the Chopper (level 4, 0/43 HPs)
             Began as a Deep Dwarf Fighter on Feb 5, 2018.
             Was a Believer of Cheibriados.
             Slain by Purgy (1 damage)
             ... in a sewer.
             The game lasted 00:05:07 (1718 turns).

Mgcat the Chopper (Deep Dwarf Fighter)              Turns: 1718, Time: 00:05:08

Health: 0/43       AC:  6    Str: 28    XL:     4   Next: 83%
Magic:  6/6        EV:  7    Int: 13    God:    Cheibriados [**....]
Gold:   99         SH: 11    Dex: 17    Spells: 6/6 levels left

rFire    . . .     SeeInvis .   a - +0 war axe
rCold    . . .     Gourm    .   c - +1 shield
rNeg     . . .     Faith    .   b - +0 scale mail
rPois    .         Spirit   .   (no helmet)
rElec    .         Reflect  .   (no cloak)
rCorr    .         Harm     .   (no gloves)
MR       .....                  (no boots)
Stlth    ..........             (no amulet)
HPRegen  0.00/turn              (no ring)
MPRegen  0.10/turn              (no ring)

@: mighty, non-regenerating, very slow
A: damage resistance, heal wounds, sense surroundings 1, no regeneration
a: Heal Wounds, Bend Time, Renounce Religion


You were in a sewer.
You worshipped Cheibriados.
Cheibriados was pleased with you.
You were hungry.

You visited 1 branch of the dungeon, and saw 3 of its levels.
You also visited: Sewer.

You collected 99 gold pieces.

Inventory:

Hand Weapons
 a - a +0 war axe (weapon)
Armour
 b - a +0 scale mail (worn)
 c - a +1 shield (worn)
Scrolls
 e - 3 scrolls of identify
 g - a scroll of magic mapping
 n - a scroll of enchant armour
Potions
 d - 4 potions of might
 h - a potion of mutation {unknown}
 i - a potion of flight {unknown}
 j - a potion of lignification {unknown}
 k - a potion of invisibility {unknown}
 l - 2 potions of haste {unknown}
 m - a potion of ambrosia
 o - a potion of degeneration {unknown}
 p - a potion of resistance {unknown}
Comestibles
 f - 4 rations


   Skills:
 + Level 3.6 Fighting
 + Level 3.7 Axes
 - Level 3.2 Armour
 - Level 3.2 Shields
 + Level 1.9 Spellcasting


You had 6 spell levels left.
You didn't know any spells.

Dungeon Overview and Level Annotations

Branches:
Dungeon (3/15)

Altars:
Cheibriados

Annotations:
Sewer Purgy


Innate Abilities, Weirdness & Mutations

You are resistant to damage.
You can heal yourself by infusing magical energy.
You passively map a small area around you.
You do not regenerate.


Message History

You closely miss Purgy.
Purgy is moderately wounded.
Purgy bites you. You block Purgy's attack. Purgy completely misses you.
You slash Purgy!
Purgy is heavily wounded.
Purgy bites you but does no damage. Purgy claws you but does no damage.
You block Purgy's attack.
Purgy snarls, "Go!
Away!"
You block Purgy's attack. Purgy claws you. Purgy closely misses you.
You slash Purgy!
Purgy is almost dead.
You block Purgy's attack. Purgy claws you. Purgy claws you but does no damage.
You hit Purgy.
Purgy is almost dead.
Purgy bites you.
* * * LOW HITPOINT WARNING * * *
You block Purgy's attack. Purgy claws you but does no damage. Purgy bites you.
* * * LOW HITPOINT WARNING * * *
Purgy claws you.
You die...

##.....##
##...## ##.##
#.# #.# #.# #.#
#.# , .
######@####....
........T.......
############....
* ., ,, ** *


You could see Purgy.

Vanquished Creatures
  Robin (D:2)
  3 adders
  An ooze (D:2)
  2 worms
  A dart slug (D:1)
  A leopard gecko (D:1)
  9 bats
  2 giant cockroaches
  12 goblins
  11 hobgoblins
  3 jackals (D:3)
  2 ball pythons (D:2)
  3 frilled lizards
  5 kobolds
  22 rats
78 creatures vanquished.

Notes
Turn   | Place    | Note
-------+----------+-------------------------------------------
     0 | D:1      | Mgcat the Deep Dwarf Fighter began the quest for the Orb.
     0 | D:1      | Reached XP level 1. HP: 20/20 MP: 1/1
    36 | D:1      | Reached XP level 2. HP: 25/27 MP: 2/2
   265 | D:1      | Reached skill level 1 in Spellcasting
   576 | D:1      | Reached XP level 3. HP: 25/34 MP: 4/4
  1213 | D:2      | Noticed Robin
  1242 | D:2      | Reached XP level 4. HP: 34/42 MP: 6/6
  1246 | D:2      | Killed Robin
  1458 | D:2      | Found a faded altar of an unknown god.
  1466 | D:2      | Became a worshipper of Cheibriados the Contemplative
  1466 | D:2      | Reached * piety under Cheibriados
  1649 | D:3      | Found a glowing drain.
  1664 | Sewer    | Entered a sewer
  1675 | Sewer    | Reached ** piety under Cheibriados
  1698 | Sewer    | Noticed Purgy
  1718 | Sewer    | HP: 1/43 [Purgy (4)]
  1718 | Sewer    | Slain by Purgy

Vault maps used:
D:1:      erik_arrival_orb_chamber, minivault_25
D:2:      chequers_ecumenical_altar_simple_redux, grunt_decor_cap,
          minmay_misc_feat_x, uniq_robin
D:3:      nicolae_tso_swordbearing_angel, overflow_temple_1_default,
          portal_sewer_entry_d, uniq_crazy_yiuf_cottage, uniq_sigmund, uniq_ijyb
Sewer:    sewer_big_baddie

Skill      XL: |  1  2  3 |
---------------+----------+-----
Fighting       | 3 |  3.6
Spellcasting   | 1 |  1.9
Axes           | 3 |  3.7
Armour         | |  3.2
Shields        | |  3.2

Action                   |  1- 3 |  4- 6 || total
-------------------------+-------+-------++-------
Melee: War axe           |   145 |   101 ||   246
 Abil: Heal Wounds       |       |     1 ||     1
  Use: Scroll            |     6 |       ||     6
       Potion            |     1 |     1 ||     2
  Eat: Chunk             |     1 |     1 ||     2
Armor: Scale mail        |    51 |    59 ||   110
Dodge: Dodged            |    36 |    41 ||    77
Block: Shield            |    74 |    82 ||   156

Table legend:
 A = Spawn XP
 B = Non-spawn XP
 C = Spawn XP percentage of total XP
 D = Spawn monster count
 E = Non-spawn monster count
 F = Spawn count percentage of total count
 G = Total turns spent on level
                    A         B        C        D         E        F      G
               +---------+---------+-------+---------+---------+-------+---------
         Total |       0 |     180 |   0.0 |       0 |      78 |   0.0 |  1718
               +---------+---------+-------+---------+---------+-------+---------
           D:1 |       0 |      45 |   0.0 |       0 |      31 |   0.0 |   815
           D:2 |       0 |      89 |   0.0 |       0 |      35 |   0.0 |   763
           D:3 |       0 |      39 |   0.0 |       0 |       7 |   0.0 |    86
         Sewer |       0 |       7 |   0.0 |       0 |       5 |   0.0 |    54
               +---------+---------+-------+---------+---------+-------+---------
